 Dungeon Crawl Stone Soup version 0.27.1-2-g3b301248ec (webtiles) character file.

Game seed: 16854960130261956480

11 Descartes the Sneak (level 2, -7/16 HPs)
             Began as a Spriggan Delver on Oct 3, 2021.
             Mangled by Prince Ribbit (8 damage)
             ... on level 6 of the Dungeon.
             The game lasted 00:01:17 (315 turns).

Descartes the Sneak (Spriggan Delver)                Turns: 315, Time: 00:01:18

Health: -7/16      AC:  2    Str:  8    XL:     2   Next: 17%
Magic:  3/3        EV: 17    Int: 11    God:
Gold:   29         SH:  0    Dex: 16    Spells: 1/1 levels left

rFire    . . .     SeeInvis +   a - +0 short sword
rCold    . . .     Faith    .   (shield restricted)
rNeg     . . .     Spirit   .   b - +0 robe
rPois    .         Reflect  .   (helmet restricted)
rElec    .         Harm     .   (no cloak)
rCorr    .         Rampage  .   (gloves unavailable)
Will     .....                  (boots unavailable)
Stlth    ++++......             (no amulet)
HPRegen  0.05/turn              (no ring)
MPRegen  0.08/turn              (no ring)

@: hasted, very quick
A: very small, no large weapons, unfitting armour, see invisible, speed 3
a: no special abilities


You were on level 6 of the Dungeon.
You visited 1 branch of the dungeon, and saw 2 of its levels.

You collected 29 gold pieces.

Inventory:

Hand Weapons
 a - a +0 short sword (weapon)
Armour
 b - a +0 robe (worn)
Wands
 g - a wand of digging (3)
 h - a wand of flame (16)
Scrolls
 c - a scroll of fog
 d - a scroll of magic mapping
 e - a scroll of fear


   Skills:
 - Level 2.4 Fighting
 + Level 2.4 Short Blades
 + Level 3.0 Dodging
 * Level 7.6 Stealth


You had one spell level left.
You didn't know any spells.
Your spell library was empty.

Dungeon Overview and Level Annotations

Branches:
Dungeon (6/15)
 Temple: D:4-7

Altars:
Qazlal

Annotations:
D:6 Prince Ribbit


Innate Abilities, Weirdness & Mutations

You are very small and have problems with some larger weapons.
You are too small for most types of armour.
You have supernaturally acute eyesight. (SInv)
You cover ground extremely quickly. (Speed+++)


Message History

Okay, then.
No target in view!
You see here 16 gold pieces.
The helpless Prince Ribbit fails to defend himself.
You impale Prince Ribbit!!
Prince Ribbit is heavily wounded.
Prince Ribbit hits you.
You closely miss Prince Ribbit.
Prince Ribbit is heavily wounded.
Prince Ribbit blinks!
Prince Ribbit blinks!
Prince Ribbit blinks!
Prince Ribbit blinks!
You now have 29 gold pieces (gained 16).
Prince Ribbit blinks!
You hit Prince Ribbit but do no damage.
Prince Ribbit is heavily wounded.
Prince Ribbit closely misses you.
You hit Prince Ribbit.
Prince Ribbit is severely wounded.
Prince Ribbit closely misses you.
You barely miss Prince Ribbit.
Prince Ribbit is severely wounded.
Prince Ribbit hits you!
Ouch! That really hurt!
* * * LOW HITPOINT WARNING * * *
You aren't carrying any potions.
Unknown command.
You aren't carrying any potions.
You aren't carrying any potions.
Unknown command.
You hit Prince Ribbit.
Prince Ribbit is severely wounded.
Prince Ribbit barely misses you.
You closely miss Prince Ribbit.
Prince Ribbit is severely wounded.
Prince Ribbit catches a fly with his tongue.
Prince Ribbit hits you!
Ouch! That really hurt!
You die...

#####...........#
#...........###
##########....#
####..#.#
#..<..#.# ..
#.....#.##.#
#...........
#....F..#...
#....@#.# .
#.....#.#
#.....#.#
##.....# #......#
♣♣...♣♣## ♣.._..♣
♣.....♣ ♣♣♣♣♣♣♣


You could see Prince Ribbit.

Vanquished Creatures
  An adder (D:5)
  An orc (D:5)
2 creatures vanquished.

Notes
Turn   | Place    | Note
-------+----------+-------------------------------------------
     0 | D:5      | Descartes the Spriggan Delver began the quest for the Orb.
     0 | D:5      | Reached XP level 1. HP: 11/11 MP: 2/2
    19 | D:5      | Reached XP level 2. HP: 16/16 MP: 3/3
   285 | D:6      | Found a stormy altar of Qazlal.
   286 | D:6      | Noticed Prince Ribbit
   315 | D:6      | Mangled by Prince Ribbit

Illustrated notes

Levels and vault maps discovered:
D:5:      cheibrodos_barr_body, layout_basic,
          minmay_a_box_with_orc_wizards_in_it
D:6:      layout_rooms, mainiacjoe_overflow_alcove_1,
          mainiacjoe_overflow_catwalk_spiral, minmay_temple_entry_trees,
          uniq_prince_ribbit1

Skill      XL: |  1 |
---------------+----+-----
Dodging        | 3 |  3.0
Fighting       | |  2.4
Short Blades   | |  2.4
Stealth        | |  7.6

Action                   || total
-------------------------++-------
Melee: Short sword       ||    20
  Use: Potion            ||     1
 Stab: Sleeping          ||     2
Armor: Robe              ||     1
Dodge: Dodged            ||    12
